 Seeded DCSS version 0.30-a0-723-gc1506a1cf0 (webtiles) character file.

Game seed: 13441427568600768710 (custom seed)

127 Leeroy the Slasher (level 5, -3/30 HPs)
             Began as a Tengu Warper on Jan 28, 2023.
             Slain by a river rat (8 damage)
             ... in a sewer.
             The game lasted 00:02:19 (1945 turns).

Leeroy the Slasher (Tengu Warper)                   Turns: 1945, Time: 00:02:20

Health: -3/30      AC:  4    Str: 11    XL:     5   Next: 11%
Magic:  9/9        EV: 11    Int: 20    God:
Gold:   70         SH:  0    Dex: 15    Spells: 8/8 levels left

rFire   . . .      SeeInvis .    j - +0 long sword
rCold   . . .      Faith    .    (no shield)
rNeg    . . .      Spirit   .    b - +0 leather armour
rPois   .          Reflect  .    (helmet restricted)
rElec   .          Harm     .    (no cloak)
rCorr   .          Rampage  .    m - +0 pair of gloves
Will    .....                    (boots unavailable)
Stlth   +                        (no amulet)
HPRegen 0.25/turn                q - +6 ring of intelligence
MPRegen 0.11/turn                (no ring)

@: flying quickly and evasively, constricted, quick
A: beak, talons 3, nimble flight
a: no special abilities


You were in a sewer.
You visited 1 branch of the dungeon, and saw 3 of its levels.
You also visited: Sewer.

You collected 70 gold pieces.

Inventory:

Hand Weapons
 a - a +0 falchion
 j - a +0 long sword (weapon)
Missiles
 d - 6 boomerangs of dispersal (quivered)
 n - 4 javelins
Armour
 b - a +0 leather armour (worn)
 m - a +0 pair of gloves (worn)
Jewellery
 q - a +6 ring of intelligence (left hand)
Scrolls
 c - 4 scrolls of blinking
 e - a scroll of magic mapping {unknown}
 g - 4 scrolls of teleportation {unknown}
 h - a scroll of immolation {unknown}
 k - 3 scrolls of identify {unknown}
 l - 2 scrolls of fog {unknown}
Potions
 f - a potion of curing
 i - a potion of heal wounds {unknown}
 o - a potion of degeneration {unknown}
 p - a potion of resistance {unknown}


   Skills:
 - Level 2.2 Fighting
 + Level 4.4 Long Blades
 - Level 1.0 Throwing
 - Level 1.4 Armour
 - Level 2.6 Dodging
 - Level 0.5 Stealth
 - Level 2.3 Spellcasting
 - Level 2.8 Translocations


You had 8 spell levels left.
You didn't know any spells.
Your spell library contained the following spells:

 Spells                   Type           Power      Damage    Failure   Level
 Blink                    Tloc           26%        N/A       10%         2
 Lesser Beckoning         Tloc           26%        N/A       10%         2
 Teleport Other           Tloc           13%        N/A       19%         3
 Slow                     Hex            8%         N/A       21%         1
 Portal Projectile        Hex/Tloc       16%        N/A       32%         3
 Vhi's Electric Charge    Tloc/Air       16%        N/A       32%         3
 Dazzling Flash           Conj/Hex       4%         N/A       52%         3
 Summon Guardian Golem    Hex/Summ       2%         N/A       52%         3
 Tukima's Dance           Hex            2%         N/A       52%         3
 Manifold Assault         Tloc           13%        N/A       52%         4
 Blade Hands              Tmut           1%         N/A       99%         5


Dungeon Overview and Level Annotations

Branches:
Dungeon (3/15)              Sewer (1/1)

Altars:


Innate Abilities, Weirdness & Mutations

You have a beak for a mouth.
You have claws for feet.
Your magical nature lets you fly swiftly and evasively.


Message History

The ball python closely misses you. The ball python constricts you.
The ball python closely misses you. The river rat barely misses you.
The ball python bites you but does no damage.
The ball python constricts you.
* * * LOW HITPOINT WARNING * * *
You hit the river rat but do no damage. Your peck misses the river rat.
The river rat is heavily wounded.
The ball python barely misses you. The ball python bites you.
* * * LOW HITPOINT WARNING * * *
The ball python constricts you. The river rat misses you.
The ball python bites you but does no damage.
You closely miss the river rat.
You claw the river rat, but do no damage.
The river rat is heavily wounded.
The ball python bites you but does no damage.
The ball python constricts you.
* * * LOW HITPOINT WARNING * * *
The ball python bites you but does no damage.
The river rat barely misses you.
The ball python bites you but does no damage.
The ball python constricts you.
You hit the river rat but do no damage. You claw the river rat.
The river rat is almost dead.
The ball python bites you.
* * * LOW HITPOINT WARNING * * *
The river rat closely misses you.
The ball python bites you but does no damage.
The ball python constricts you.
The ball python bites you but does no damage.
Throw: 7 boomerangs (disperse)
Press: ? - help, Q - select action, (/) - cycle Shift-Dir - straight line, f - ball python
Aim: a ball python (55% to hit)
You throw a boomerang of dispersal.
The boomerang of dispersal hits the ball python.
The ball python blinks!
The ball python is severely wounded.
The ball python barely misses you. The ball python constricts you.
* * * LOW HITPOINT WARNING * * *
The river rat bites you!
You die...

.~##~≈≈r≈≈≈≈≈≈≈
~~..~.≈~~≈≈≈~≈≈≈≈≈≈≈≈≈≈≈
~~≈≈≈~≈≈≈≈≈≈≈≈≈≈≈S≈≈≈≈≈≈
~~≈~~≈≈≈≈≈≈≈≈≈≈≈≈≈≈≈≈≈≈≈
~.~.~~≈≈≈≈≈≈≈≈≈≈≈≈≈≈≈≈≈≈
...~~≈~~≈~~~≈~≈≈≈≈≈≈≈###
....~~.~~~~..~~≈≈~~~~#
...............§Sr...#
................@....+
........##....†......#
.......#####........##
#..##...######...####
..#####..∩# ##### .##
##### ##


You could see a river rat and 2 ball pythons.

Vanquished Creatures
  4 adders (D:2)
  2 river rats (Sewer)
  A worm (D:2)
  5 endoplasms
  3 giant cockroaches (D:1)
  8 goblins
  10 hobgoblins
  6 jackals
  3 quokkas
  5 ball pythons
  2 bats
  A frilled lizard (D:2)
  4 kobolds
  9 rats
63 creatures vanquished.

Notes
Turn   | Place    | Note
-------+----------+-------------------------------------------
     0 | D:1      | Leeroy the Tengu Warper began the quest for the Orb.
     0 | D:1      | Reached XP level 1. HP: 12/12 MP: 4/4
    64 | D:1      | Found a faded altar of an unknown god.
   180 | D:1      | Reached XP level 2. HP: 15/17 MP: 6/6
   231 | D:1      | Got the Secrets of Imprecation
   415 | D:1      | Reached XP level 3. HP: 21/21 MP: 7/7
  1089 | D:2      | Reached skill level 3 in Long Blades
  1089 | D:2      | Reached XP level 4. HP: 26/26 MP: 8/8
  1341 | D:2      | HP: 1/26 [adder (4)]
  1728 | D:3      | Reached skill level 4 in Long Blades
  1749 | D:3      | Found a glowing drain.
  1758 | Sewer    | Entered a sewer
  1841 | Sewer    | Gained mutation: Your magical nature lets you fly swiftly
                  | and evasively. [Tengu growth]
  1841 | Sewer    | Reached XP level 5. HP: 23/30 MP: 9/9
  1945 | Sewer    | Slain by a river rat

Illustrated notes

Levels and vault maps discovered:
D:1:      psy_arrival_heroes, layout_loops_ring,
          hellmonk_ecumenical_altar_heavens_door
D:2:      layout_basic, minmay_close_crescents
D:3:      wad_pebble_path, layout_rooms, cheibrodos_sewer_entry_drain,
          minmay_vboxes
Sewer:    sewer_minmay_treatment

Skill      XL: |  1  2  3  4 |
---------------+-------------+-----
Long Blades    | 3 4 |  4.4
Fighting       | |  2.2
Throwing       | |  1.0
Armour         | |  1.4
Dodging        | |  2.6
Stealth        | |  0.5
Spellcasting   | |  2.3
Translocations | |  2.8

Action                     |  1- 3 |  4- 6 || total
---------------------------+-------+-------++-------
  Melee: Falchion          |    73 |       ||    73
         Kick              |    14 |     7 ||    21
         Peck              |     6 |     9 ||    15
         Long sword        |     7 |    89 ||    96
         Punch             |     1 |     1 ||     2
  Throw: Boomerang         |       |     1 ||     1
    Use: Potion            |       |     1 ||     1
   Stab: Sleeping          |       |     2 ||     2
 Armour: Leather armour    |    21 |    43 ||    64
  Dodge: Dodged            |    53 |   122 ||   175

Table legend: (Time is in decaauts)
 A = Elapsed time spent in this place.
 B = Non-inter-level travel time spent in this place.
 C = Inter-level travel time spent in this place.
 D = Time resting spent in this place.
 E = Time spent auto-exploring this place.
 F = Levels seen in this place.
 G = Mean time per level.
                   A        B        C        D        E       F      G
               +--------+--------+--------+--------+--------+-----+--------+
         Total |   1977 |   1899 |     78 |      0 |   1464 |   4 |  494.2 |
       Dungeon |   1786 |   1708 |     78 |      0 |   1329 |   3 |  595.3 |
         Sewer |    190 |    190 |      0 |      0 |    135 |   1 |  190.0 |
               +--------+--------+--------+--------+--------+-----+--------+

Top non-repeatable levels by time:
     D:2: 881 daAuts
     D:1: 831 daAuts
   Sewer: 190 daAuts
     D:3: 74 daAuts
